 Dungeon Crawl Stone Soup version 0.31.0-32-g396128a36d (webtiles) character file.

Game seed: 14491685688773807456

189 HospitalGownGirl the Sneak (level 5, 0/58 HPs)
             Began as a Human Brigand on Mar 11, 2024.
             Was an Initiate of Hepliaklqana.
             Splashed by a jelly's acid (5 damage)
             ... on level 4 of the Dungeon.
             The game lasted 00:07:29 (2412 turns).

HospitalGownGirl the Sneak (Human Brigand)          Turns: 2412, Time: 00:07:29

Health: 0/58       AC: 14    Str: 11    XL:     5   Next: 68%
Magic:  5/5        EV:  2    Int: 13    God:    Hepliaklqana [......]
Gold:   105        SH:  0    Dex: 15    Spells: 4/4 levels left

rFire   . . .        o - +1 dagger (freeze)
rCold   . . .        (no shield)
rNeg    . . .        b - melded +2 robe
rPois   +            (helmet currently unavailable)
rElec   .            c - melded +1 cloak
rCorr   .            (gloves currently unavailable)
SInv    .            (boots currently unavailable)
Will    .....        g - amulet of regeneration
Stlth   +++          l - ring of wizardry
HPRegen 1.09/turn    (no ring)
MPRegen 0.09/turn

%: wizardry (x1)
@: tree-form, corroded
A: stationary, stasis, torment immunity, boosted hp, explore regen
a: Renounce Religion


You were on level 4 of the Dungeon.
You worshipped Hepliaklqana.
Hepliaklqana was noncommittal.
You were a tree.
You visited 1 branch of the dungeon, and saw 4 of its levels.

You collected 105 gold pieces.

Inventory:

Hand Weapons
 o - a +1 dagger of freezing (weapon)
Missiles
 e - 3 curare-tipped darts (quivered)
 p - 3 boomerangs
Armour
 b - a +2 robe (melded)
 c - a +1 cloak (melded)
Jewellery
 g - an amulet of regeneration (around neck)
 k - an amulet of guardian spirit
 l - a ring of wizardry (left branch)
 m - a ring of flight
 n - an amulet of the acrobat
Scrolls
 q - 2 scrolls of fog
Potions
 d - a potion of brilliance {unknown}
 f - 3 potions of attraction


   Skills:
 * Level 2.7 Fighting
 * Level 3.2 Short Blades
 * Level 2.4 Throwing
 * Level 1.2 Armour
 * Level 1.9 Dodging
 * Level 5.2 Stealth
 * Level 0.3 Spellcasting


You had 4 spell levels left.
You didn't know any spells.
Your spell library was empty.

Dungeon Overview and Level Annotations

Branches:
Dungeon (4/15)
 Temple: D:4-7

Altars:
Hepliaklqana
Makhleb
Uskayaw


Innate Abilities, Weirdness & Mutations

You are a tree.
Your roots penetrate the ground, keeping you stationary.
You cannot be teleported.
You are immune to unholy pain and torment.
Your maximum health is greatly increased.
Your equipment is partially melded.
You regain HP and MP as you explore.


Message History

The jelly barely misses you.
You hit the jelly. You freeze the jelly.
Your hands burn!
The jelly is moderately wounded.
The jelly barely misses you.
You hit the jelly but do no damage.
Your hands burn!
The jelly is moderately wounded.
The jelly closely misses you.
You hit the jelly but do no damage.
Your hands burn!
The jelly is moderately wounded.
The jelly hits you but does no damage.
You hit the jelly but do no damage.
Your hands burn!
The jelly is moderately wounded.
You hit the jelly. You freeze the jelly.
Your hands burn!
The jelly is heavily wounded.
The jelly barely misses you.
You hit the jelly. You freeze the jelly.
Your hands burn!
The jelly is severely wounded.
The jelly hits you. The acid corrodes you!
You are splashed with acid!
* * * LOW HITPOINT WARNING * * *
You feel better.
The quokka twitches its whiskers.
The jelly hits you.
You are splashed with acid!
* * * LOW HITPOINT WARNING * * *
Unknown command.
You turn into a tree.
Your +1 cloak melds into your body.
Your +2 robe melds into your body.
Your roots penetrate the ground.
The jelly barely misses you.
You completely miss the jelly.
The jelly is severely wounded.
The jelly completely misses you.
You hit the jelly. You freeze the jelly.
Your branches burn!
* * * LOW HITPOINT WARNING * * *
The jelly is almost dead.
The jelly hits you but does no damage.
You hit the jelly but do no damage.
Your branches burn!
* * * LOW HITPOINT WARNING * * *
The jelly is almost dead.
The gnoll is no longer moving quickly.
The jelly hits you but does no damage.
You hit the jelly but do no damage. The acid corrodes you!
Your branches burn!
You die...

#...##'##...##.....
#####...........##.....
........................
.#####..................
#................##
#................#
..######..............†.##
.........................#
..#######♣#########......#
#J# #....... #r# #.....##


ggS #....... .g. ######## ..... ..... ###### ......# ...... ...... You could see
a jelly, 3 gnolls, a quokka and a ball python.

Vanquished Creatures
  A scorpion (D:4)
  A gnoll bouda (D:4)
  4 adders
  A dart slug (D:4)
  2 ribbon worms (D:2)
  8 orcs
  4 bats
  3 endoplasms
  A giant cockroach (D:3)
  3 goblins
  4 hobgoblins
  4 jackals (D:4)
  A quokka (D:1)
  6 ball pythons
  5 kobolds
  5 rats
53 creatures vanquished.

Notes
Turn   | Place    | Note
-------+----------+-------------------------------------------
     0 | D:1      | HospitalGownGirl the Human Brigand began the quest for the
                  | Orb.
     0 | D:1      | Reached XP level 1. HP: 16/16 MP: 1/1
   387 | D:1      | Reached XP level 2. HP: 22/22 MP: 2/2
   807 | D:2      | Reached XP level 3. HP: 27/27 MP: 3/3
  1091 | D:2      | Found a burning altar of Makhleb.
  1685 | D:3      | Reached XP level 4. HP: 15/34 MP: 4/4
  1863 | D:3      | Reached skill level 5 in Stealth
  1863 | D:3      | Found a hide-covered altar of Uskayaw.
  2117 | D:4      | Reached skill level 1 in Armour
  2287 | D:4      | Noticed a scorpion
  2330 | D:4      | Killed a scorpion
  2331 | D:4      | Reached XP level 5. HP: 26/39 MP: 5/5
  2345 | D:4      | Found a hazy altar of Hepliaklqana.
  2362 | D:4      | Became a worshipper of Hepliaklqana the Forgotten
  2412 | D:4      | Splashed by a jelly's acid

Illustrated notes

Levels and vault maps discovered:
D:1:      dpeg_arrival_windows_large_door, layout_loops_ring, minivault_11
D:2:      layout_basic, basic_altar
D:3:      layout_rooms, mainiacjoe_overflow_brackets
D:4:      layout_basic, worldfamousw_hep_ancestral_shrine,
          minmay_temple_entry_statues_fountains

Skill      XL: |  1  2  3  4 |
---------------+-------------+-----
Stealth        | 5 |  5.2
Armour         | 1 |  1.2
Short Blades   | 3 |  3.2
Fighting       | |  2.7
Throwing       | |  2.4
Dodging        | |  1.9
Spellcasting   | |  0.3

Action                     |  1- 3 |  4- 6 || total
---------------------------+-------+-------++-------
  Melee: Dagger            |    80 |   172 ||   252
         Punch             |     3 |     2 ||     5
    Use: Scroll            |     5 |     7 ||    12
         Potion            |       |     5 ||     5
   Stab: Sleeping          |    10 |       ||    10
         Distracted        |     1 |       ||     1
 Armour: Robe              |    37 |    85 ||   122
         Skin              |       |     2 ||     2
  Dodge: Dodged            |    39 |    86 ||   125
